Map: Disco Bloodbath LE

Players

Harstem

  • Race: Protoss Protoss
  • League: Grandmaster
  • Spawn Location: 3:00

lIIllllIIlll (INnoVation) - Winner!

  • Race: Terran Terran
  • League: Master
  • Spawn Location: 9:00

Event: HomeStory Cup XX

VOD

Have the link to the VOD?

Description

Time

  • Played on: Nov. 21, 2019, 3:13 p.m.
  • Length: 9:16

All games in this series

Show
View Real Time Build Order
Export as new Build Order

Harstem Protoss 

Build Orders: 1 Gate Expand, Phoenix Opening, Zealot Archon 

Get SALT Encoding   

  12  0:00  Probe  
  13  0:13  Probe  
  14  0:17  Pylon  
  14  0:24  Probe  
  15  0:32  Probe  
  15  0:35  Assimilator  
  15  0:42  Probe, Gateway  
  17  0:53  Probe  
  18  1:05  Probe  
  19  1:17  Probe  
  20  1:24  Nexus  
  20  1:32  Cybernetics Core  
  20  1:35  Probe  
  21  1:40  Assimilator  
  21  1:47  Probe  
  21  1:50  Pylon  
  22  1:58  Adept  
  22  2:00  Probe  
  25  2:12  Probe  
  25  2:15  Stargate  
  26  2:20  Stalker  
  26  2:24  Probe  
  26  2:26  Warp Gate  
  27  2:33  Probe  
  27  2:36  Probe  
  31  2:43  Probe  
  31  2:48  Probe  
  33  2:53  Probe  
  33  2:55  Phoenix  
  34  3:00  Probe  
  37  3:06  Probe  
  37  3:12  Probe  
  39  3:13  Phoenix  
  39  3:18  Pylon, Probe  
  40  3:24  Probe, Gateway  
  43  3:30  Probe  
  43  3:33  Phoenix  
  44  3:36  Probe  
  47  3:42  Probe  
  47  3:43  Gateway  
  47  3:45  Assimilator  
  48  3:48  Probe  
  48  3:53  Phoenix  
  48  3:54  Probe  
  50  4:00  Pylon  
  52  4:03  Pylon  
  52  4:06  Probe  
  53  4:14  Nexus  
  53  4:15  Probe  
  54  4:18  Probe  
  55  4:25  Forge  
  55  4:27  Twilight Council  
  55  4:28  Probe  
  55  4:30  Probe  
  57  4:38  Protoss Ground Armor Level 1  
  57  4:41  Probe  
  57  4:43  Charge, Probe  
  57  4:45  Phoenix  
  61  4:53  Probe  
  61  4:55  Probe  
  61  4:58  Pylon  
  63  5:05  Probe  
  64  5:07  Probe, Gateway x2  
  64  5:13  Oracle  
  65  5:17  Gateway  
  65  5:19  Gateway  
  65  5:22  Gateway  
  65  5:27  Probe  
  65  5:28  Sentry  
  71  5:30  Sentry, Zealot  
  71  5:32  Probe  
  71  5:34  Probe  
  77  5:41  Probe  
  78  5:43  Pylon  
  78  5:51  Zealot x2  
  78  5:52  Probe  
  83  5:57  Zealot  
  83  6:00  Pylon  
  83  6:02  Zealot x2  
  83  6:03  Photon Cannon  
  90  6:04  Pylon  
  90  6:08  Templar Archives  
  91  6:12  Robotics Facility  
  91  6:15  Zealot  
  93  6:21  Zealot x2  
  93  6:22  Zealot x2  
  99  6:28  Zealot x3  
  105  6:37  Zealot  
  105  6:39  Phoenix  
  107  6:42  Pylon  
  107  6:44  Zealot x3  
  103  6:56  Zealot x4  
  94  7:01  Probe  
  94  7:04  Zealot  
  94  7:05  Zealot x3  
  93  7:10  Probe  
  93  7:11  Observer  
  94  7:18  Probe  
  94  7:20  Assimilator, Zealot  
  94  7:22  Assimilator  
  98  7:24  High Templar x2, Zealot  
  98  7:27  Zealot x2  
  98  7:28  Archon  
  98  7:29  Zealot  
  109  7:30  Zealot  
  109  7:34  Probe  
  109  7:35  Phoenix  
  109  7:38  Probe  
  109  7:39  Probe  
  109  7:42  Immortal  
  111  7:45  Pylon  
  111  7:46  Probe  
  116  7:59  Zealot  
  116  8:00  Zealot x4  
  124  8:07  Robotics Bay  
  124  8:09  Pylon  
  124  8:13  Zealot x3  
  111  8:27  Zealot x5  
  119  8:40  Zealot x3  
  115  8:51  Zealot x5  
  115  8:55  Probe  
  108  8:59  Probe  
  108  9:00  Zealot x2  
  108  9:02  Probe  
  103  9:08  Pylon  
  103  9:09  Zealot  
  92  9:13  Zealot x3  
Show
View Real Time Build Order
Export as new Build Order

lIIllllIIlll Terran - Winner!

Build Orders: Reaper Expand 

Get SALT Encoding   

  12  0:00  SCV  
  13  0:12  SCV  
  14  0:16  Supply Depot  
  14  0:25  SCV  
  15  0:38  SCV  
  15  0:40  Barracks  
  16  0:43  Refinery  
  16  0:50  SCV  
  17  1:02  SCV  
  18  1:14  SCV  
  19  1:27  Orbital Command, Reaper  
  20  1:41  Command Center  
  20  1:51  Supply Depot  
  20  1:52  SCV  
  21  1:58  Marine  
  22  2:04  SCV  
  23  2:08  Factory  
  23  2:14  Refinery  
  23  2:16  SCV  
  23  2:20  Barracks Reactor  
  24  2:28  SCV  
  25  2:41  SCV  
  26  2:53  Widow Mine, Orbital Command, SCV  
  26  2:54  Starport  
  26  2:56  Marine x2  
  31  3:05  SCV  
  32  3:14  Marine x2, Widow Mine  
  32  3:18  Supply Depot  
  32  3:19  SCV x2  
  38  3:30  Medivac  
  38  3:31  Marine  
  38  3:32  Marine, SCV x2  
  44  3:35  Widow Mine  
  46  3:42  Supply Depot  
  46  3:44  SCV x2  
  46  3:47  Barracks  
  48  3:51  Marine x2  
  50  3:56  SCV x2  
  50  3:59  Barracks  
  52  4:04  Engineering Bay  
  52  4:09  Marine x2  
  54  4:10  SCV  
  54  4:11  SCV  
  54  4:13  Factory Tech Lab  
  56  4:17  Supply Depot  
  56  4:21  Refinery  
  56  4:22  SCV  
  56  4:23  Starport Tech Lab, SCV  
  58  4:28  Marine x2  
  58  4:30  Terran Infantry Weapons Level 1  
  60  4:39  SCV  
  60  4:40  SCV  
  60  4:41  Factory Reactor  
  56  4:46  Marine x2  
  56  4:47  Marine  
  56  4:48  Stimpack  
  56  4:52  Starport Reactor  
  59  4:53  Marine, Supply Depot  
  59  4:56  Combat Shield  
  59  4:58  SCV  
  61  5:00  SCV  
  61  5:04  Marine x2  
  61  5:08  Supply Depot  
  61  5:10  SCV  
  61  5:12  Missile Turret, SCV  
  63  5:15  Marine x2  
  63  5:17  Widow Mine  
  63  5:19  Widow Mine  
  69  5:22  Marine x2, Supply Depot  
  69  5:28  Medivac x2  
  74  5:34  SCV  
  74  5:35  SCV  
  76  5:36  Supply Depot  
  76  5:39  Widow Mine  
  76  5:40  Widow Mine  
  76  5:41  Marine x2, Refinery  
  82  5:48  Marauder x2  
  86  5:56  Supply Depot  
  86  5:57  SCV x2  
  86  5:59  Medivac x2  
  86  6:00  Widow Mine  
  86  6:02  Widow Mine  
  86  6:03  Marine x2  
  98  6:06  Supply Depot  
  98  6:11  Marauder x2  
  102  6:16  Concussive Shells  
  102  6:21  Widow Mine  
  102  6:23  Widow Mine, Supply Depot  
  106  6:25  Terran Infantry Armor Level 1  
  106  6:29  Supply Depot  
  106  6:32  Marine x2  
  108  6:37  Marauder x2  
  110  6:43  Widow Mine  
  110  6:45  Widow Mine  
  102  7:01  Marine x2, Marauder x2  
  94  7:05  Widow Mine, Medivac x2  
  94  7:06  Widow Mine  
  99  7:10  Command Center  
  99  7:20  Barracks x2  
  99  7:25  Marine  
  99  7:26  Widow Mine, Marine  
  99  7:27  Widow Mine  
  105  7:33  Marauder x2  
  109  7:37  Medivac x2  
  109  7:40  SCV  
  109  7:41  SCV  
  109  7:43  Marine  
  116  7:44  Marine  
  116  7:49  Widow Mine x2  
  119  7:53  SCV x2  
  121  8:00  Marauder x2  
  121  8:01  Marine  
  121  8:02  Marine  
  121  8:04  Supply Depot  
  121  8:05  SCV x2  
  129  8:08  Medivac  
  129  8:09  Medivac  
  129  8:10  Barracks Tech Lab, Barracks Reactor  
  133  8:19  Widow Mine  
  133  8:20  Widow Mine  
  133  8:22  Marauder x2  
  118  8:27  Marine x2, Orbital Command  
  118  8:30  SCV x2  
  122  8:40  Widow Mine  
  124  8:41  Widow Mine  
  124  8:43  Marauder x2, Medivac x2  
  127  8:48  Marauder  
  127  8:49  Marine  
  124  8:56  Marine x3  
Tags
 
Add a new tag
Caveats
  • Supply blocks, unpowered buildings, or Contaminate may cause inaccurate times.
  • Supply counts are checked every 10 seconds.